 Dungeon Sprint DCSS version 0.31-a0-204-g7da18cac08 (webtiles) character file.

Game seed: 13746551206671790920

140 rocky1 the Basher (level 8, -4/56 HPs)
             Began as a Gargoyle Fighter on June 28, 2023.
             Was an Initiate of Gozag.
             Slain by a naga
             ... wielding a +0 battleaxe
              (17 damage)
             ... in the Dungeon (Sprint VI: "Thunderdome").
             The game lasted 00:03:54 (544 turns).

rocky1 the Basher (Gargoyle Fighter)                 Turns: 544, Time: 00:03:55

Health: -4/56      AC: 15    Str: 24    XL:     8   Next: 30%
Magic:  8/8        EV:  7    Int: 10    God:    Gozag
Gold:   240        SH:  5    Dex:  9    Spells: 7/7 levels left

rFire   . . .        a - +0 flail
rCold   . . .        c - +0 buckler
rNeg    + . .        b - +0 scale mail
rPois   ∞            (no helmet)
rElec   +            (no cloak)
rCorr   .            (no gloves)
SInv    .            o - +0 pair of boots "Taupaan" {Str+3}
Will    .....        (no amulet) Stlth
                     (no ring)
HPRegen 0.29/turn    (no ring)
MPRegen 0.11/turn

%: no teleportation
@: constricted
A: sickness immunity, AC +5, negative energy resistance 1, electricity
resistance, torment resistance 1, petrification resistance
a: Renounce Religion, Potion Petition, Call Merchant, Bribe Branch


You were in the Dungeon.
You worshipped Gozag.
Gozag was aware of your devotion.
You visited 1 branch You collected 1282 gold pieces.
You spent 1042 gold pieces at shops.

Inventory:

Hand Weapons
 a - a +0 flail (weapon)
Armour
 b - a +0 scale mail (worn)
 c - a +0 buckler (worn)
 m - the +2 pair of gloves "Mywiygich" {*Corrode rPois MP+9 Dex-5}
   (You bought it in a shop in the Dungeon)

   Dex:       It affects your dexterity (-5).
   rPois:     It protects you from poison.
   MP:        It affects your magic capacity (+9).
   *Corrode:  It may corrode you when you take damage.
 o - the +0 pair of boots "Taupaan" (worn) {Str+3}
   (You bought it in a shop in the Dungeon)

   Str:       It affects your strength (+3).
Wands
 l - a wand of quicksilver (1)
Scrolls
 j - 4 scrolls of blinking
 n - 3 scrolls of fog
Potions
 d - 6 potions of might
 e - a potion of curing
 f - a potion of heal wounds
 g - 7 potions of haste
 h - 2 potions of magic
 k - a potion of resistance


   Skills:
 + Level 9.3 Fighting
 * Level 11.1 Maces & Flails
 + Level 9.4 Armour
 + Level 2.2 Dodging
 + Level 9.0 Shields
 - Level 1.8 Evocations


You had 7 spell levels left.
You didn't know any spells.
Your spell library was empty.

Dungeon Overview and Level Annotations

Branches:
Dungeon (1/1)

Altars:
Cheibriados
Dithmenos
Fedhas
Gozag
Kikubaaqudgha
Makhleb
Okawaru
Qazlal
Ru
Sif Muna
Trog
Uskayaw
Vehumet
Wu Jian
Xom
Yredelemnul
Zin
The Shining One
Lugonu

Shops:
D *[??*?*:[((!!!!


Innate Abilities, Weirdness & Mutations

You are immune to sickness and miasma.
Your stone body is resilient. (AC +5)
You are immune to poison.
You resist negative energy. (rN+)
You are resistant to electric shocks. (rElec)
You are resistant to unholy torment.
You are immune to petrification.


Message History

You sock the adder!
You kill the adder!
You now have 240 gold pieces (gained 72).
A naga comes into view. It is wielding a +0 battleaxe.
The naga shouts!
You hit the naga but do no damage. The naga closely misses you.
You block the naga's attack.
You closely miss the naga. The naga misses you. You block the naga's attack.
You closely miss the naga. The naga hits you but does no damage.
You block the naga's attack.
You closely miss the naga. The naga barely misses you. The naga grabs you.
The naga constricts you.
You barely miss the naga. You barely miss the naga.
The naga hits you with a +0 battleaxe!!
Ouch! That really hurt!
The naga constricts you.
You sock the naga!
The naga is moderately wounded.
The naga barely misses you. The naga constricts you.
You closely miss the naga.
The naga is moderately wounded.
The naga hits you with a +0 battleaxe!
* * * LOW HITPOINT WARNING * * *
The naga constricts you.
* * * LOW HITPOINT WARNING * * *
You feel much better. You block the naga's attack. The naga constricts you.
You hit the naga.
The naga is heavily wounded.
The naga hits you with a +0 battleaxe! The naga constricts you.
You barely miss the naga.
The naga is heavily wounded.
The naga spits poison at you.
The splash of poison hits you but does no damage.
You resist. The naga constricts you.
* * * LOW HITPOINT WARNING * * *
You hit the naga but do no damage.
The naga is heavily wounded.
The naga hits you with a +0 battleaxe!
You die...
Your body crumbles into a pile of gold.

#⌠...........⌠#
##.8.........8.######
.......###......_._∩##
.....8.# #.8........∩###
.......###.............##
....###...###..........⌠#
....# #.<.# #..........⌠#
....###...###..........⌠#
.......###......@N.....##
.....8.# #.8........∩###
_......###......___∩##
##.8[........8.######
#⌠...........⌠#
###.........###
#_......._# #.........#
#_......._#


You could see a naga (catching breath).

Vanquished Creatures
  Grinder (D)
  Eustachio (D)
  2 hell hounds (D)
  3 wolves (D)
  3 necrophages (D)
  A wight (D)
  A crimson imp (D)
  2 adders (D)
  A shadow imp (D)
  2 ufetubi (D)
  An adder zombie (D)
  A bat zombie (D)
  A jackal (D)
20 creatures vanquished.

Notes
Turn   | Place    | Note
-------+----------+-------------------------------------------
     0 | D        | rocky1 the Gargoyle Fighter began the quest for the Orb.
     0 | D        | Reached XP level 1. HP: 14/14 MP: 1/1
     4 | D        | Found a radiant altar of Vehumet.
     5 | D        | Found a burning altar of Makhleb.
     5 | D        | Found a shimmering blue altar of Sif Muna.
     5 | D        | Round 1.
     6 | D        | Found a hide-covered altar of Uskayaw.
     6 | D        | Found an ornate altar of the Wu Jian Council.
     7 | D        | Found a bloodstained altar of Trog.
     7 | D        | Found a shadowy altar of Dithmenos.
     7 | D        | Found Nueduck's Identification Station.
     8 | D        | Found Funiane's Jewellery.
     8 | D        | Found Secav's Advanced Armour.
    14 | D        | Found a blossoming altar of Fedhas.
    14 | D        | Noticed a wight
    18 | D        | Killed a wight
    19 | D        | Reached skill level 5 in Fighting
    19 | D        | Reached skill level 3 in Maces & Flails
    19 | D        | Reached skill level 5 in Armour
    19 | D        | Reached skill level 5 in Shields
    19 | D        | Reached XP level 2. HP: 21/21 MP: 2/2
    19 | D        | Reached XP level 3. HP: 26/26 MP: 3/3
    19 | D        | Found a snail-covered altar of Cheibriados.
    20 | D        | Found Urareopn's Premium Goods.
    21 | D        | Found Hosuleq's Miscellaneous Merchandise.
    21 | D        | Found Mamnum's Basic Armour.
    22 | D        | Found a glowing golden altar of the Shining One.
    22 | D        | Found Zacawof's Weapon Rack.
    26 | D        | Found a glowing silver altar of Zin.
    27 | D        | Found an ancient bone altar of Kikubaaqudgha.
    28 | D        | Found an iron altar of Okawaru.
    29 | D        | Found Golet's Do-It-Yourself Clinic.
    30 | D        | Found Fohaemoh's Bottled Wisdom.
    30 | D        | Found Iwelet's Distillery.
    30 | D        | Found a basalt altar of Yredelemnul.
    30 | D        | Found a sacrificial altar of Ru.
    30 | D        | Found Yclaclu's Distillery.
    31 | D        | Noticed a necrophage
    34 | D        | Killed a necrophage
    35 | D        | Reached skill level 4 in Maces & Flails
    35 | D        | Reached skill level 1 in Evocations
    35 | D        | Reached XP level 4. HP: 32/32 MP: 4/4
    36 | D        | Found a corrupted altar of Lugonu.
    37 | D        | Found a stormy altar of Qazlal.
    38 | D        | Found an opulent altar of Gozag.
    39 | D        | Found Suehot's Staff Store.
    40 | D        | Found a shimmering altar of Xom.
    40 | D        | Found Ybyn's Magic Scroll Shop.
    40 | D        | Found Garani's Must-Have Magic.
    40 | D        | Found Ecridghy's Magic Scroll Shop.
    47 | D        | Became a worshipper of Gozag Ym Sagoz the Greedy
    49 | D        | Noticed a necrophage
    52 | D        | Reached XP level 5. HP: 36/36 MP: 5/5
    63 | D        | Reached skill level 5 in Maces & Flails
    73 | D        | Arena points: 14 (+14) [x2]
    74 | D        | Reached skill level 6 in Maces & Flails
    74 | D        | Reached XP level 6. HP: 39/44 MP: 6/6
   111 | D        | Bought a pair of ancient boots for 332 gold pieces
   111 | D        | Identified the +0 pair of boots "Taupaan" {Str+3} (You
                  | bought it in a shop in the Dungeon)
   137 | D        | Round 2.
   166 | D        | Noticed Eustachio
   173 | D        | Killed Eustachio
   174 | D        | Reached skill level 8 in Maces & Flails
   224 | D        | Noticed Grinder
   244 | D        | Killed Grinder
   244 | D        | Arena points: 56 (+42) [x3]
   245 | D        | Reached skill level 9 in Maces & Flails
   245 | D        | Reached skill level 1 in Dodging
   245 | D        | Reached XP level 7. HP: 45/50 MP: 7/7
   263 | D        | Bought a pair of crude gloves for 332 gold pieces
   263 | D        | Identified the +2 pair of gloves "Mywiygich" {*Corrode
                  | rPois MP+9 Dex-5} (You bought it in a shop in the Dungeon)
   282 | D        | Round 3.
   308 | D        | HP: 1/50 [hell hound/blast of flame (22)]
   331 | D        | Reached skill level 10 in Maces & Flails
   398 | D        | Reached XP level 8. HP: 50/56 MP: 8/8
   417 | D        | Arena points: 140 (+84) [x4]
   418 | D        | Reached skill level 11 in Maces & Flails
   446 | D        | Bought 6 potions of might for 168 gold pieces
   446 | D        | Bought 3 potions of haste for 210 gold pieces
   473 | D        | Round 4.
   544 | D        | Slain by a naga

Illustrated notes

Levels and vault maps discovered:
D:        arena_sprint

Skill      XL: |  1  2  3  4  5  6  7  8 |
---------------+-------------------------+-----
Fighting       | 5 7 8 9 |  9.3
Maces & Flails | 3 4 6 9 10 11 | 11.1
Armour         | 5 6 7 8 9 |  9.4
Shields        | 5 6 7 8 9 |  9.0
Evocations     | 1 |  1.8
Dodging        | 1 2 |  2.2

Action                     |  1- 3 |  4- 6 |  7- 9 || total
---------------------------+-------+-------+-------++-------
  Melee: Flail             |     4 |    39 |    69 ||   112
  Evoke: Wand              |     5 |     4 |       ||     9
    Use: Potion            |       |       |     6 ||     6
 Armour: Scale mail        |     7 |    25 |    35 ||    67
  Dodge: Dodged            |     6 |     9 |    29 ||    44
  Block: Buckler           |     1 |    10 |    21 ||    32

Table legend: (Time is in decaauts)
 A = Elapsed time spent in this place.
 B = Non-inter-level travel time spent in this place.
 C = Inter-level travel time spent in this place.
 D = Time resting spent in this place.
 E = Time spent auto-exploring this place.
 F = Levels seen in this place.
 G = Mean time per level.
                   A        B        C        D        E       F      G
               +--------+--------+--------+--------+--------+-----+--------+
         Total |    550 |    550 |      0 |     74 |      0 |   1 |  550.0 |
       Dungeon |    550 |    550 |      0 |     74 |      0 |   1 |  550.0 |
               +--------+--------+--------+--------+--------+-----+--------+

Top non-repeatable levels by time:
       D: 550 daAuts
